Map: Deathaura LE

Players

Darkness - Winner!

  • Race: Protoss Protoss
  • League: Grandmaster
  • Spawn Location: 11:00

JimRising

  • Race: Zerg Zerg
  • League: Grandmaster
  • Spawn Location: 5:00

Event: DreamHack SC2 Masters 2020 Summer Latin America

VOD

Have the link to the VOD?

Description

Time

  • Played on: June 24, 2020, 3:13 p.m.
  • Length: 9:45

All games in this series

Show
View Real Time Build Order
Export as new Build Order

Darkness Protoss - Winner!

Build Orders: 1 Gate Expand 

Get SALT Encoding   

  12  0:00  Probe  
  13  0:12  Probe  
  14  0:18  Pylon  
  14  0:24  Probe  
  15  0:32  Probe  
  15  0:38  Gateway  
  15  0:40  Probe  
  16  0:46  Assimilator  
  17  0:51  Probe  
  18  1:03  Probe  
  19  1:15  Probe  
  20  1:23  Nexus  
  20  1:33  Cybernetics Core  
  20  1:35  Probe  
  21  1:43  Assimilator  
  21  1:47  Probe  
  21  1:50  Pylon  
  22  1:59  Adept, Probe  
  23  2:09  Warp Gate  
  23  2:11  Probe  
  26  2:20  Twilight Council  
  26  2:23  Stalker  
  26  2:28  Probe  
  27  2:34  Pylon  
  30  2:37  Probe  
  30  2:42  Probe  
  31  2:49  Probe  
  31  2:51  Robotics Facility  
  32  2:55  Probe  
  32  2:56  Adept  
  35  3:09  Probe  
  35  3:11  Gateway, Resonating Glaives  
  36  3:15  Probe  
  37  3:21  Probe  
  37  3:25  Gateway  
  38  3:27  Probe  
  38  3:33  Probe  
  38  3:34  Warp Prism  
  40  3:38  Gateway  
  42  3:49  Pylon  
  42  3:51  Probe  
  42  3:52  Probe  
  44  3:58  Adept  
  44  4:00  Pylon  
  46  4:07  Probe x2  
  48  4:11  Adept  
  50  4:22  Probe x2  
  50  4:24  Pylon  
  52  4:25  Observer  
  52  4:32  Pylon  
  52  4:35  Adept x2  
  52  4:36  Adept x2  
  52  4:38  Probe  
  62  4:40  Pylon  
  62  4:42  Probe  
  63  4:50  Probe  
  63  4:51  Immortal  
  64  4:54  Nexus, Probe  
  65  5:20  Immortal  
  65  5:22  Sentry  
  65  5:23  Zealot x2  
  65  5:24  Zealot  
  65  5:26  Assimilator x2  
  73  5:34  Probe  
  73  5:35  Pylon, Probe  
  79  5:47  Probe x2  
  79  5:49  Immortal  
  81  5:52  Pylon x2  
  81  5:56  Sentry  
  83  5:59  Probe  
  83  6:03  Probe  
  89  6:09  Probe  
  88  6:11  Probe  
  88  6:13  Sentry  
  88  6:15  Probe  
  88  6:18  Sentry, Shield Battery  
  92  6:19  Shield Battery  
  92  6:21  Pylon, Probe  
  92  6:23  Forge  
  92  6:24  Probe  
  96  6:26  Blink  
  96  6:27  Protoss Ground Weapons Level 1  
  96  6:28  Probe  
  97  6:33  Probe  
  97  6:36  Probe  
  97  6:39  Immortal  
  103  6:40  Probe  
  103  6:45  Probe, Pylon  
  103  6:48  Probe  
  103  6:52  Probe  
  105  6:57  Probe  
  105  7:00  Probe  
  107  7:02  Gateway  
  107  7:03  Gateway  
  107  7:04  Gateway, Probe  
  108  7:10  Stalker x3  
  108  7:12  Immortal  
  108  7:13  Stalker  
  116  7:21  Probe x3  
  118  7:28  Assimilator, Pylon  
  118  7:29  Assimilator  
  122  7:37  Pylon  
  122  7:38  Pylon  
  122  7:44  Stalker x4, Observer  
  131  8:07  Stalker x4  
  131  8:08  Stalker  
  137  8:20  Stalker x2  
  137  8:25  Gateway x3  
  139  8:29  Immortal, Pylon  
  139  8:30  Shield Battery, Pylon  
  139  8:32  Shield Battery  
  139  8:35  Adept x2  
  147  8:47  Shield Battery  
  139  9:00  Immortal, Stalker x5  
  127  9:12  Gateway  
  123  9:23  Gateway  
  123  9:29  Stalker x2  
  123  9:30  Stalker x6  
Show
View Real Time Build Order
Export as new Build Order

JimRising Zerg 

Build Orders: Hatch First 

Get SALT Encoding   

  12  0:00  Drone  
  13  0:12  Overlord  
  13  0:17  Drone  
  14  0:31  Drone x2  
  16  0:47  Hatchery  
  15  0:51  Drone  
  15  0:55  Drone  
  17  0:58  Drone  
  18  1:04  Extractor  
  17  1:14  Spawning Pool  
  17  1:17  Drone  
  17  1:20  Drone  
  18  1:31  Drone  
  19  1:43  Drone  
  20  1:51  Overlord  
  20  2:01  Queen x2  
  20  2:03  Zergling x4  
  20  2:07  Metabolic Boost  
  26  2:10  Zergling x2  
  26  2:14  Drone  
  28  2:26  Drone x2  
  30  2:43  Drone x4  
  34  2:50  Hatchery  
  33  2:52  Overlord  
  33  2:58  Overlord  
  32  3:05  Drone x2  
  35  3:12  Drone  
  35  3:13  Drone x2  
  35  3:18  Zergling x2  
  37  3:22  Drone  
  37  3:26  Roach Warren  
  37  3:28  Queen  
  37  3:30  Drone x2  
  41  3:41  Drone x2  
  43  3:44  Queen  
  43  3:45  Overlord  
  43  3:47  Drone  
  46  3:48  Drone  
  47  3:57  Overlord x2  
  47  4:07  Roach x3  
  47  4:08  Roach  
  57  4:10  Roach  
  57  4:12  Roach  
  57  4:15  Roach  
  61  4:18  Roach  
  61  4:23  Roach x2  
  67  4:26  Roach, Overlord  
  67  4:27  Zergling x2  
  70  4:32  Zergling x4  
  72  4:39  Drone x2  
  72  4:40  Overlord  
  72  4:42  Spore Crawler  
  72  4:43  Drone  
  72  4:45  Drone x2, Extractor  
  76  4:47  Drone  
  76  4:49  Overlord  
  76  4:59  Spore Crawler  
  75  5:00  Drone, Spore Crawler  
  75  5:02  Drone x4  
  75  5:04  Drone  
  80  5:14  Drone x2  
  80  5:15  Lair  
  80  5:17  Extractor  
  80  5:18  Drone x2  
  80  5:20  Evolution Chamber  
  79  5:24  Roach x2  
  79  5:25  Zergling x2  
  79  5:28  Zergling x4  
  84  5:33  Drone x3  
  88  5:35  Drone, Extractor  
  87  5:48  Drone x3  
  87  5:49  Drone  
  90  5:50  Zerg Missile Weapons Level 1  
  90  5:52  Drone  
  91  5:57  Overlord  
  91  5:58  Drone x5  
  91  6:01  Extractor  
  91  6:03  Drone x3  
  98  6:06  Overlord x3  
  98  6:14  Glial Reconstitution  
  98  6:16  Drone x3  
  101  6:18  Overlord  
  101  6:19  Overlord  
  101  6:33  Hatchery  
  101  6:38  Roach x2  
  101  6:39  Roach x6  
  114  6:46  Overlord x3  
  114  6:56  Roach x2  
  114  6:57  Roach x4  
  114  6:58  Roach  
  128  7:02  Overlord x2  
  128  7:04  Roach  
  128  7:05  Roach  
  132  7:08  Roach  
  132  7:09  Roach  
  132  7:11  Roach  
  132  7:13  Roach  
  140  7:18  Roach  
  140  7:19  Roach  
  140  7:20  Overseer  
  142  7:25  Roach x3  
  142  7:26  Roach x2  
  142  7:27  Overlord  
  152  7:30  Roach  
  152  7:31  Zergling x2  
  152  7:36  Drone  
  156  7:38  Extractor, Zergling x6  
  158  7:47  Zergling x8  
  158  7:48  Ravager  
  158  7:49  Ravager x5  
  158  7:50  Ravager x2  
  158  7:51  Zergling x6  
  171  7:59  Zergling x6  
  171  8:04  Zergling x6  
  164  8:19  Zergling x8  
  154  8:20  Zergling x12  
  154  8:24  Drone x5  
  154  8:31  Ravager  
  154  8:32  Ravager x4  
  154  8:33  Zergling x2  
  154  8:34  Zergling x4  
  162  8:38  Roach  
  162  8:39  Roach  
  164  8:43  Roach x2  
  164  8:46  Roach  
  164  8:47  Roach x2  
  151  9:01  Roach x3  
  151  9:02  Roach x3  
  138  9:04  Roach  
  138  9:06  Roach  
  138  9:07  Zergling x2  
  132  9:13  Roach x2  
  132  9:15  Zergling x2  
  132  9:16  Zergling x2  
  136  9:21  Roach x2  
Tags
 
Add a new tag
Caveats
  • Supply blocks, unpowered buildings, or Contaminate may cause inaccurate times.
  • Supply counts are checked every 10 seconds.